 Dungeon Crawl Stone Soup version 0.20.2-3-g29329e0561 (webtiles) character file.

1336 Alfie the Slasher (level 8, -7/69 HPs)
             Began as a Minotaur Fighter on Dec 15, 2020.
             Killed from afar by an orc wizard (10 damage)
             ... with a puff of frost
             ... on level 7 of the Dungeon.
             The game lasted 00:11:34 (3729 turns).

Alfie the Slasher (Minotaur Fighter)                Turns: 3729, Time: 00:11:35

Health: -7/69      AC: 11    Str: 23    XL:     8   Next: 35%
Magic:  7/7        EV:  9    Int:  5    God:
Gold:   242        SH: 11    Dex: 10    Spells: 7/7 levels left

rFire    . . .     SeeInvis .   a - +0 long sword
rCold    . . .     Gourm    .   c - +0 shield
rNeg     . . .     Faith    .   b - +1 scale mail
rPois    .         Spirit   .   (helmet restricted)
rElec    .         Reflect  .   (no cloak)
rCorr    .         Harm     .   r - +0 pair of gloves
MR       .....                  u - +0 pair of boots
Stlth    ++........             (no amulet)
Regen    0.0/turn               h - ring of stealth
MPRegen  0.1/turn               (no ring)

@: no status effects
A: retaliatory headbutt, horns 2, camouflage 1, inhibited regeneration
a: no special abilities


You were on level 7 of the Dungeon.
You were not hungry.

You visited 1 branch of the dungeon, and saw 7 of its levels.

You collected 242 gold pieces.

Inventory:

Hand Weapons
 a - a +0 long sword (weapon)
Missiles
 e - 7 tomahawks (quivered)
Armour
 b - a +1 scale mail (worn)
 c - a +0 shield (worn)
 r - a +0 pair of gloves (worn)
 u - a +0 pair of boots (worn)
Jewellery
 h - a ring of stealth (left hand)
 k - an uncursed ring of resist corrosion
 m - an uncursed ring of resist corrosion
 B - an uncursed amulet of faith
Scrolls
 g - 2 scrolls of immolation
 i - 2 scrolls of blinking
 l - 2 scrolls of identify
 n - a scroll of fear {unknown}
 o - 3 scrolls of fog {unknown}
 p - a scroll of magic mapping {unknown}
 q - 2 scrolls of amnesia {unknown}
 t - a scroll of enchant weapon {unknown}
 y - a scroll of enchant armour
 A - a scroll of noise {unknown}
Potions
 j - 4 potions of curing
 s - 3 potions of agility {unknown}
 v - 2 potions of haste {unknown}
 x - a potion of lignification {unknown}
 z - a potion of heal wounds {unknown}
Comestibles
 d - 4 meat rations
 f - 6 bread rations
 w - a royal jelly


   Skills:
 + Level 5.5 Fighting
 + Level 7.5 Long Blades
 + Level 6.4 Armour
 + Level 3.2 Dodging
 + Level 0.5 Stealth
 + Level 7.1 Shields


You had 7 spell levels left.
You didn't know any spells.

Dungeon Overview and Level Annotations

Branches:
Dungeon (7/15)             Temple (0/1) D:5

Altars:
Ashenzari
Yredelemnul

Shops:
D:6 :


Innate Abilities, Weirdness & Mutations

You reflexively headbutt those who attack you in melee.
You have a pair of horns on your head.
Your skin changes colour to match your surroundings (Stealth+).
You do not regenerate when monsters are visible.


Message History

You barely miss something. You slash the orc wizard!
Your headbutt misses the orc wizard.
The orc wizard is severely wounded.
The orc wizard gestures at you while chanting.
The magic dart hits you!
* * * LOW HITPOINT WARNING * * *
You slash the orc wizard!
You kill the orc wizard!
The orc wizard hits you but does no damage.
You closely miss the orc wizard. Your headbutt misses the orc wizard.
The orc wizard gestures at you while chanting.
The magic dart hits you!
* * * LOW HITPOINT WARNING * * *
You barely miss the orc wizard. You block the orc wizard's attack. x2
You hit the orc wizard.
The orc wizard is lightly wounded.
You block the orc wizard's attack. The orc wizard casts a spell at you.
The puff of frost hits you!
You die...

######.#######.
#..............
#.......####### #.......#
### #.......# #.<
##..##.### ###.# #
#..###.# #.... #.####.##
#.# ###.... #oHo@>.# #.#
#...... .......#####
##.###...### ......o
#..##(..(... .......
...###.##........
.........................
###........##.##.........
#...... ..............
#.... ..##....##..##.. ##
#..#.##..####


You could see a hippogriff, an orc wizard and an orc.

Vanquished Creatures
  Menkaure (D:5)
  A sky beast (D:5)
  3 ogres
  A centaur (D:7)
  A bullfrog (D:6)
  The ghost of Alfie the Covered, a weakling MiFi (D:3)
  A crimson imp (D:6)
  A centaur zombie (D:6)
  A hound (D:4)
  A jelly (D:6)
  Crazy Yiuf (D:3)
  A quasit (D:7)
  A bullfrog skeleton (D:5)
  3 orc priests
  Jessica (D:2)
  Terence (D:2)
  3 orc wizards
  A worker ant (D:5)
  A hound skeleton (D:7)
  Robin (D:2)
  3 gnolls (D:4)
  5 adders
  2 shadow imps
  2 oozes (D:1)
  An adder skeleton (D:5)
  2 worms
  2 leopard geckos
  12 orcs
  4 bats
  3 giant cockroaches
  11 goblins
  10 hobgoblins
  10 jackals
  3 frilled lizards
  7 kobolds
  A leopard gecko zombie (D:7)
  A quokka zombie (D:7)
  3 rats
108 creatures vanquished.

Notes
Turn   | Place    | Note
-------+----------+-------------------------------------------
     0 | D:1      | Alfie the Minotaur Fighter began the quest for the Orb.
     0 | D:1      | Reached XP level 1. HP: 19/19 MP: 0/0
    32 | D:1      | Reached XP level 2. HP: 22/27 MP: 1/1
   265 | D:1      | Reached XP level 3. HP: 31/33 MP: 2/2
   387 | D:2      | Noticed Jessica
   393 | D:2      | Killed Jessica
   418 | D:2      | Reached XP level 4. HP: 31/40 MP: 3/3
   491 | D:2      | Noticed Robin
   501 | D:2      | Killed Robin
   527 | D:2      | Noticed Terence
   536 | D:2      | Killed Terence
   546 | D:2      | Found a shattered altar of Ashenzari.
   741 | D:2      | Reached skill level 5 in Shields
   782 | D:2      | Reached XP level 5. HP: 46/47 MP: 4/4
  1142 | D:3      | Noticed Alfie's ghost (weakling MiFi)
  1153 | D:3      | Killed Alfie's ghost
  1210 | D:3      | Found a basalt altar of Yredelemnul.
  1529 | D:3      | Reached skill level 1 in Dodging
  1779 | D:3      | Found a runed door.
  1783 | D:3      | Noticed Crazy Yiuf
  1790 | D:3      | Killed Crazy Yiuf
  1790 | D:3      | Reached XP level 6. HP: 53/53 MP: 5/5
  1883 | D:4      | Reached skill level 5 in Armour
  1891 | D:4      | Gained mutation: You do not regenerate when monsters are visible. [potion of mutation]
  1891 | D:4      | Gained mutation: Your skin changes colour to match your surroundings (Stealth+). [potion of mutation]
  2608 | D:5      | Entered Level 5 of the Dungeon
  2611 | D:5      | Reached skill level 5 in Fighting
  2611 | D:5      | Reached skill level 5 in Long Blades
  2653 | D:5      | Noticed a sky beast
  2664 | D:5      | Killed a sky beast
  2664 | D:5      | Reached XP level 7. HP: 53/61 MP: 6/6
  2695 | D:5      | Noticed Menkaure
  2707 | D:5      | Killed Menkaure
  2768 | D:5      | Found a staircase to the Ecumenical Temple.
  3080 | D:6      | Found a basalt altar of Yredelemnul.
  3179 | D:6      | Found Jimiufol's Book Shoppe.
  3593 | D:7      | Reached XP level 8. HP: 55/68 MP: 7/7
  3724 | D:7      | Noticed a hippogriff
  3727 | D:7      | HP: 3/69 [orc wizard/magic dart (9)]
  3729 | D:7      | Killed from afar by an orc wizard

Skill      XL: |  1  2  3  4  5  6  7  8 |
---------------+-------------------------+-----
Armour         | 4 5 6 |  6.4
Fighting       | 4 5 |  5.5
Shields        | 4 5 6 7 |  7.1
Long Blades    | 3 4 5 6 7 |  7.5
Dodging        | 1 2 3 |  3.2
Stealth        | |  0.5

Action                   |  1- 3 |  4- 6 |  7- 9 || total
-------------------------+-------+-------+-------++-------
Melee: Long sword        |    66 |   142 |   126 ||   334
       Headbutt          |    13 |    22 |    24 ||    59
  Use: Scroll            |       |     3 |     4 ||     7
       Potion            |       |     4 |     1 ||     5
  Eat: Bread ration      |       |     1 |     1 ||     2
       Royal jelly       |       |     1 |       ||     1
Armor: Scale mail        |    29 |    53 |    75 ||   157
Dodge: Dodged            |    17 |    45 |    43 ||   105
Block: Shield            |    41 |    89 |    79 ||   209
       Rpst.: Long sword |     5 |    10 |     8 ||    23
